 Dungeon Crawl Stone Soup version 0.31-a0-174-g85c54bcb58 (webtiles) character file.

Game seed: 12275624035296226351

387 qw the Shooter (level 6, -3/58 HPs)
             Began as a Naga Hunter on June 15, 2023.
             Was an Initiate of Okawaru.
             Slain by a gnoll bouda
             ... wielding a +0 club
              (6 damage)
             ... on level 5 of the Dungeon.
             The game lasted 00:01:04 (2396 turns).

qw the Shooter (Naga Hunter)                        Turns: 2396, Time: 00:01:04

Health: -3/58      AC:  9    Str: 13    XL:     6   Next: 78%
Magic:  6/6        EV: 10    Int: 10    God:    Okawaru [......]
Gold:   131        SH:  0    Dex: 16    Spells: 5/5 levels left

rFire   . . .        Y - +1 shortbow
rCold   . . .        (shield currently unavailable)
rNeg    + . .        b - +1 robe {rN+}
rPois   +            e - +1 helmet
rElec   .            (no cloak)
rCorr   .            g - +2 pair of gloves
SInv    +            (no barding)
Will    .....        (no amulet)
Stlth   ++           (no ring)
HPRegen 0.29/turn    (no ring)
MPRegen 0.10/turn

%: no passive effects
@: short of breath, very slow
A: AC +2, large, see invisible, deformed body, poison resistance, slowness 2,
spit poison 1, naga tail 1
a: Spit Poison, Renounce Religion


You were on level 5 of the Dungeon.
You worshipped Okawaru.
Okawaru was noncommittal.
You visited 2 branches of the dungeon, and saw 6 of its levels.

You collected 131 gold pieces.


Innate Abilities, Weirdness & Mutations

Your serpentine skin is tough. (AC +2)
You have supernaturally acute eyesight. (SInv)
Armour fits poorly on your strangely shaped body.
Your system is resistant to poisons. (rPois)
You cover ground very slowly.
You can spit poison.
You have a snake-like lower body.


   Skills:
 - Level 4.5 Fighting
 - Level 6.1 Ranged Weapons
 + Level 1.5 Dodging
 - Level 1.5 Stealth


You had 5 spell levels left.
You didn't know any spells.
Your spell library was empty.

Inventory:

Hand Weapons
 Y - a +1 shortbow (weapon)
Armour
 b - a +1 robe of positive energy (worn)
 e - a +1 helmet (worn)
 g - a +2 pair of gloves (worn)
Scrolls
 d - a scroll of identify
Potions
 a - a potion of enlightenment {unknown}
 h - a potion of heal wounds {unknown}

Dungeon Overview and Level Annotations

Branches:
Dungeon (5/15)             Temple (1/1) D:5

Altars:
Ashenzari
Cheibriados
Dithmenos
Elyvilon
Fedhas
Hepliaklqana
Kikubaaqudgha
Okawaru
Uskayaw
Vehumet
Xom
Yredelemnul
Zin

Shops:
D:3 (

Annotations:
D:5 1 runed translucent door, qw's ghost, novice NaHu


Message History

The ogre is moderately wounded.
The ogre hits you with a +0 giant club!
You shoot an arrow. The arrow hits the ogre.
The ogre is moderately wounded.
Your attacks no longer feel as feeble.
The bullfrog snags a nearby mouse with its tongue.
The ogre barely misses you. The gnoll bouda closely misses you.
You shoot an arrow. The arrow hits the ogre.
The ogre is heavily wounded.
The gnoll barely misses you. The gnoll bouda misses you.
The ogre hits you with a +0 giant club.
You shoot an arrow. The arrow hits the ogre.
The ogre is heavily wounded.
The gnoll hits you from afar with a +0 spear.
The gnoll bouda hits you with a +0 club!
You shoot an arrow. The arrow hits the ogre!
The ogre is almost dead.
You have got your breath back.
The bullfrog swells and bulges.
The ogre hits you with a +0 giant club! The gnoll barely misses you.
The gnoll bouda closely misses you.
2394 ||| INVOKING Spit Poison.
Aiming: Spit Poison (1% risk of failure)
Press: ? - help, Shift-Dir - straight line, f/p - ogre The splash of poison hits the ogre.
The ogre is poisoned.
You kill the ogre!
Okawaru accepts your kill.
The gnoll hits you from afar with a +0 spear.
The gnoll bouda hits you with a +0 club!
Your Fighting skill increases to level 4!
You shoot an arrow.
The arrow hits the gnoll bouda but does no damage.
The gnoll hits you from afar with a +0 spear.
The gnoll bouda hits you with a +0 club.
The gnoll hits you but does no damage. The gnoll closely misses you.
You shoot an arrow. The arrow hits the gnoll bouda.
The gnoll bouda is lightly wounded.
The gnoll hits you but does no damage. The gnoll hits you with a +0 club.
The gnoll bouda hits you with a +0 club.
You die...

,,,,,,,,* #S###.......########
,**,***** ##W#......##.#......#
,,,,* ###F###.......#.####.#
,**** #.#+#.#........!...#.# ,**
*.........>...#.##.#.# ,,*
**#...#..P....#....... ,,*
#####..##.....[.#.....?. ,,*
#....ggg.....####..#.##. ,,*****
*#....)#@#.....###..#..#.
,,,,,,**#....g.#g#.....###.....#.
,,,,,,>,g.......[......###......>
,,,,,,**#..g##.#.#.....# ##..####
,,,**** #...*#.#.#.....# #......
,,,* #..,,....#######* ##.####
,,,* #.*,##>### *,,,***#.* ,,,**
*,,,,,,******,*,,,,..* ,,,,*
***,,,,,,,,**,,,******


You could see a bullfrog, a gnoll bouda, qw's ghost and 3 gnolls.

Vanquished Creatures
  An ogre (D:5)
  2 sleepcaps (D:4)
  An iguana (D:3)
  3 orc wizards (D:4)
  Robin (D:2)
  A gnoll (D:5)
  5 adders
  3 worms
  5 dart slugs
  4 orcs
  3 ball pythons
  2 endoplasms
  A giant cockroach (D:1)
  9 goblins
  12 hobgoblins
  4 kobolds
  3 quokkas
  3 bats
  A frilled lizard (D:3)
  3 rats (D:1)
67 creatures vanquished.

Notes
Turn   | Place    | Note
-------+----------+-------------------------------------------
     0 | D:1      | qw the Naga Hunter began the quest for the Orb.
     0 | D:1      | Reached XP level 1. HP: 19/19 MP: 1/1
     0 | D:1      | 0 ||| qw: Version: 0.2-a-29-g511e9b1
     0 | D:1      | 0 ||| qw: Game counter: 5417
     0 | D:1      | 0 ||| qw: Always use a shield: true
     0 | D:1      | 0 ||| qw: God list: Okawaru
     0 | D:1      | 0 ||| qw: Allow faded altars: false
     0 | D:1      | 0 ||| qw: Do Orc after D:15 true
     0 | D:1      | 0 ||| qw: Do second Lair branch before Depths: true
     0 | D:1      | 0 ||| qw: Lair rune preference: random
     0 | D:1      | 0 ||| qw: Plans: Normal
     0 | D:1      | 0 ||| PLANNING D:1-11
    15 | D:1      | 15 ||| INVOKING Spit Poison.
    40 | D:1      | 40 ||| INVOKING Spit Poison.
    55 | D:1      | 55 ||| INVOKING Spit Poison.
   100 | D:1      | 100 ||| INVOKING Spit Poison.
   104 | D:1      | Reached skill level 4 in Ranged Weapons
   104 | D:1      | Reached XP level 2. HP: 26/26 MP: 2/2
   116 | D:1      | 116 ||| INVOKING Spit Poison.
   170 | D:1      | 170 ||| INVOKING Spit Poison.
   173 | D:1      | 173 ||| INVOKING Spit Poison.
   185 | D:1      | 185 ||| INVOKING Spit Poison.
   189 | D:1      | 189 ||| INVOKING Spit Poison.
   190 | D:1      | 190 ||| FLEEEEING.
   191 | D:1      | 191 ||| FLEEEEING.
   192 | D:1      | 192 ||| FLEEEEING.
   193 | D:1      | 193 ||| FLEEEEING.
   194 | D:1      | 194 ||| FLEEEEING.
   195 | D:1      | 195 ||| FLEEEEING.
   205 | D:1      | 205 ||| FLEEEEING.
   211 | D:1      | 211 ||| INVOKING Spit Poison.
   232 | D:1      | 232 ||| INVOKING Spit Poison.
   245 | D:1      | 245 ||| INVOKING Spit Poison.
   273 | D:1      | 273 ||| INVOKING Spit Poison.
   348 | D:1      | 348 ||| INVOKING Spit Poison.
   452 | D:1      | 452 ||| UPGRADING to +0 pair of gloves.
   457 | D:1      | 457 ||| READING scroll labelled ZAOLOTTAMP.
   458 | D:1      | 458 ||| READING scroll labelled CEOWER YNOIG.
   459 | D:1      | 459 ||| DROPPING scroll of butterflies.
   476 | D:2      | 476 ||| INVOKING Spit Poison.
   481 | D:2      | 481 ||| STAIRDANCE
   483 | D:1      | 483 ||| INVOKING Spit Poison.
   484 | D:1      | Reached XP level 3. HP: 27/32 MP: 3/3
   511 | D:2      | 511 ||| INVOKING Spit Poison.
   514 | D:2      | 514 ||| INVOKING Spit Poison.
   606 | D:2      | 606 ||| INVOKING Spit Poison.
   611 | D:2      | 611 ||| INVOKING Spit Poison.
   708 | D:2      | Found a faded altar of an unknown god.
   783 | D:2      | 783 ||| INVOKING Spit Poison.
   789 | D:2      | 789 ||| INVOKING Spit Poison.
   794 | D:2      | Noticed Robin
   795 | D:2      | 795 ||| INVOKING Spit Poison.
   800 | D:2      | 800 ||| INVOKING Spit Poison.
   803 | D:2      | Killed Robin
   804 | D:2      | Reached skill level 5 in Ranged Weapons
   804 | D:2      | Reached XP level 4. HP: 37/39 MP: 4/4
   805 | D:2      | 805 ||| INVOKING Spit Poison.
   871 | D:2      | 871 ||| INVOKING Spit Poison.
   933 | D:2      | 933 ||| READING 3 scrolls of enchant armour.
   933 | D:2      | 933 ||| ENCHANTING +0 pair of gloves.
   934 | D:2      | 934 ||| READING 2 scrolls of enchant armour.
   934 | D:2      | 934 ||| ENCHANTING +1 pair of gloves.
  1014 | D:2      | 1014 ||| INVOKING Spit Poison.
  1018 | D:2      | 1018 ||| INVOKING Spit Poison.
  1021 | D:2      | 1021 ||| INVOKING Spit Poison.
  1186 | D:2      | 1186 ||| UPGRADING to +0 helmet.
  1191 | D:2      | 1191 ||| READING scroll of enchant armour.
  1191 | D:2      | 1191 ||| ENCHANTING +0 helmet.
  1192 | D:2      | 1192 ||| READING scroll labelled RYVE OSAWKUN.
  1196 | D:2      | 1196 ||| READING scroll labelled SAHOMA DEOMM.
  1197 | D:2      | 1197 ||| READING scroll labelled TEUCWY DIDEI.
  1256 | D:3      | 1256 ||| INVOKING Spit Poison.
  1262 | D:3      | 1262 ||| INVOKING Spit Poison.
  1283 | D:3      | 1283 ||| INVOKING Spit Poison.
  1292 | D:3      | 1292 ||| INVOKING Spit Poison.
  1333 | D:3      | 1333 ||| INVOKING Spit Poison.
  1361 | D:3      | 1361 ||| INVOKING Spit Poison.
  1419 | D:3      | 1419 ||| INVOKING Spit Poison.
  1436 | D:3      | Found a white marble altar of Elyvilon.
  1437 | D:3      | 1437 ||| READING 3 scrolls labelled XIMMEC EFIRRU.
  1438 | D:3      | 1438 ||| READING scroll labelled ULOAJIFE ONEISS.
  1439 | D:3      | 1439 ||| DROPPING 2 scrolls of vulnerability.
  1543 | D:3      | 1543 ||| INVOKING Spit Poison.
  1546 | D:3      | 1546 ||| INVOKING Spit Poison.
  1547 | D:3      | Reached skill level 3 in Fighting
  1547 | D:3      | Reached XP level 5. HP: 49/49 MP: 5/5
  1748 | D:3      | Found Vesaq's Weapon Shop.
  1758 | D:3      | 1758 ||| INVOKING Spit Poison.
  1773 | D:3      | 1773 ||| INVOKING Spit Poison.
  1776 | D:3      | 1776 ||| INVOKING Spit Poison.
  1779 | D:3      | 1779 ||| INVOKING Spit Poison.
  1808 | D:3      | 1808 ||| UPGRADING to +1 robe of positive energy.
  1818 | D:3      | 1818 ||| DROPPING +0 leather armour.
  1819 | D:3      | 1819 ||| DRINKING 2 cyan potions.
  1954 | D:4      | 1954 ||| INVOKING Spit Poison.
  2025 | D:4      | 2025 ||| INVOKING Spit Poison.
  2039 | D:4      | 2039 ||| INVOKING Spit Poison.
  2043 | D:4      | 2043 ||| INVOKING Spit Poison.
  2046 | D:4      | 2046 ||| INVOKING Spit Poison.
  2055 | D:4      | 2055 ||| INVOKING Spit Poison.
  2062 | D:4      | 2062 ||| INVOKING Spit Poison.
  2067 | D:4      | 2067 ||| INVOKING Spit Poison.
  2068 | D:4      | Reached XP level 6. HP: 49/56 MP: 6/6
  2074 | D:4      | 2074 ||| INVOKING Spit Poison.
  2080 | D:4      | 2080 ||| DRINKING potion of curing.
  2080 | D:4      | 2080 ||| (to cure confusion)
  2081 | D:4      | 2081 ||| INVOKING Spit Poison.
  2082 | D:4      | Reached skill level 6 in Ranged Weapons
  2082 | D:4      | HP: 14/56 [orc wizard/+0 dagger (4)]
  2248 | D:4      | You fall into a shaft and drop 1 floor!
  2248 | D:5      | Entered Level 5 of the Dungeon
  2262 | D:5      | Found a staircase to the Ecumenical Temple.
  2263 | D:5      | 2263 ||| PLANNING TEMPLE
  2263 | D:5      | 2263 ||| DROPPING ring of magical power.
  2264 | D:5      | 2264 ||| READING scroll labelled KYNULL ETIFO.
  2265 | D:5      | 2265 ||| READING scroll labelled PUHEAWURYO.
  2266 | D:5      | 2266 ||| READING scroll labelled GUGOXU COSI.
  2267 | D:5      | 2267 ||| DRINKING 4 red potions.
  2268 | D:5      | 2268 ||| DROPPING 3 potions of attraction.
  2273 | D:5      | Found a runed translucent door.
  2275 | Temple   | Entered the Ecumenical Temple
  2278 | Temple   | 2278 ||| PLANNING OKAWARU WORSHIP
  2360 | Temple   | Became a worshipper of Warmaster Okawaru
  2361 | Temple   | 2361 ||| PLANNING D:1-11
  2379 | D:5      | 2379 ||| Stepping ~*~*~tactically~*~*~ (outnumbered).
  2381 | D:5      | 2381 ||| Stepping ~*~*~tactically~*~*~ (outnumbered).
  2382 | D:5      | 2382 ||| INVOKING Spit Poison.
  2387 | D:5      | Noticed qw's ghost (novice NaHu)
  2388 | D:5      | 2388 ||| Stepping ~*~*~tactically~*~*~ (outnumbered).
  2389 | D:5      | 2389 ||| INVOKING Spit Poison.
  2394 | D:5      | 2394 ||| INVOKING Spit Poison.
  2394 | D:5      | HP: 12/57 [gnoll bouda/+0 club (7)]
  2396 | D:5      | HP: 3/58 [gnoll/+0 club[a gnoll bouda] (6)]
  2396 | D:5      | Slain by a gnoll bouda

Levels and vault maps discovered:
D:1:      matt_arrival_diagonals, layout_rooms
D:2:      layout_loops_ring, shapermc_ecumenical_altar_hornbeckon, uniq_robin
D:3:      layout_basic, mainiacjoe_overflow_chevrons, serial_shops, shop
D:4:      black_bear_nest_1, layout_cave_pools,
          mainiacjoe_overflow_six_doors_small, nemelex_spade_bored_becter
D:5:      layout_loops_cross, minmay_temple_entry_overgrown,
          ebering_ghost_sewer_d
Temple:   nicolae_temple_hex_pool

Skill      XL: |  1  2  3  4  5  6 |
---------------+-------------------+-----
Ranged Weapons | 4 5 6 |  6.1
Fighting       | 3 4 |  4.5
Dodging        | |  1.5
Stealth        | |  1.5

Action                     |  1- 3 |  4- 6 || total
---------------------------+-------+-------++-------
   Fire: Shortbow          |    53 |    87 ||   140
Ability: Spit Poison       |    24 |    31 ||    55
    Use: Scroll            |     2 |    11 ||    13
         Potion            |       |     3 ||     3
 Armour: Leather armour    |    12 |     7 ||    19
         Robe              |       |    18 ||    18
  Dodge: Dodged            |    12 |    24 ||    36

Table legend:
 A = Non-vault XP
 B = Vault XP
 C = Vault XP percentage of total XP
 D = Non-vault monster count
 E = Vault monster count
 F = Vault count percentage of total count
                 A         B        C        D         E       F
            +---------+---------+-------+---------+---------+-------
      Total |     519 |      34 |   6.1 |      55 |      12 |  17.9
            +---------+---------+-------+---------+---------+-------
        D:1 |      46 |       0 |   0.0 |      18 |       0 |   0.0
        D:2 |      23 |      34 |  59.6 |       9 |      12 |  57.1
        D:3 |      93 |       0 |   0.0 |      14 |       0 |   0.0
        D:4 |     220 |       0 |   0.0 |      11 |       0 |   0.0
        D:5 |     137 |       0 |   0.0 |       3 |       0 |   0.0
            +---------+---------+-------+---------+---------+-------
